 Dungeon Crawl Stone Soup version 0.26-a0-591-g04f19ec95a (webtiles) character file.

Game seed: 15546668389252054632

31 LadyOphelia the Skirmisher (level 3, -1/41 HPs)
             Began as an Ogre Berserker on Aug 24, 2020.
             Was a Follower of Trog.
             Slain by Natasha (8 damage)
             ... on level 2 of the Dungeon on Dec 1, 2021.
             The game lasted 00:05:12 (876 turns).

LadyOphelia the Skirmisher (Ogre Berserker)          Turns: 876, Time: 00:05:12

Health: -1/41      AC:  3    Str: 22    XL:     3   Next: 22%
Magic:  3/3        EV: 10    Int:  8    God:    Trog [*.....]
Gold:   53         SH:  0    Dex:  8    Spells: 2/2 levels left

rFire    . . .     SeeInvis .   a - +0 mace
rCold    . . .     Faith    .   (no shield)
rNeg     . . .     Spirit   .   b - +0 animal skin
rPois    .         Reflect  .   (helmet restricted)
rElec    .         Harm     .   (no cloak)
rCorr    .                      (gloves unavailable)
MR       .....                  (boots unavailable)
Stlth    +.........             (no amulet)
HPRegen  0.13/turn              (no ring)
MPRegen  0.08/turn              (no ring)

@: no status effects
A: large, unfitting armour, tough skin 1
a: Berserk, Renounce Religion


You were on level 2 of the Dungeon.
You worshipped Trog.
Trog was aware of your devotion.
You visited 1 branch of the dungeon, and saw 2 of its levels.

You collected 53 gold pieces.

Inventory:

Hand Weapons
 a - a +0 mace (weapon)
Armour
 b - a +0 animal skin (worn)
Jewellery
 f - an uncursed amulet of magic regeneration {unknown}
Scrolls
 c - 4 scrolls of identify
 d - 2 scrolls of teleportation
 i - a scroll of amnesia {unknown}
Potions
 e - a potion of flight {unknown}
 g - a potion of brilliance {unknown}
 h - a potion of heal wounds {unknown}


   Skills:
 + Level 4.8 Fighting
 + Level 3.3 Maces & Flails
 - Level 2.6 Dodging


You had 2 spell levels left.
You didn't know any spells.
Your spell library was empty.

Dungeon Overview and Level Annotations

Branches:
Dungeon (2/15)

Altars:

Annotations:
D:2 Natasha


Innate Abilities, Weirdness & Mutations

You are too large for most types of armour.
You have tough skin. (AC +1)


Message History

Natasha claws you!
The crimson imp shouts, "Escape, thou feeble miscreant clack-dish!"
The crimson imp hits you but does no damage.
Natasha mumbles some strange words.
Natasha glows brightly for a moment.
Natasha claws you.
You hit the crimson imp.
The crimson imp is moderately wounded.
The crimson imp hits you but does no damage.
Natasha claws you! The crimson imp closely misses you.
The crimson imp hits you but does no damage.
You barely miss the crimson imp.
The crimson imp is lightly wounded.
Natasha closely misses you. The crimson imp barely misses you. x2
Natasha claws you.
* * * LOW HITPOINT WARNING * * *
You sock the crimson imp!
The crimson imp is severely wounded.
The crimson imp barely misses you.
The crimson imp blinks!
Natasha claws you!
You die...

# .. .# #. ..#
#.#######..# ##
##.#....5...#
...#.....@..##.#
#......5§h....#
.#........####
##.#<....# #
###.### #.# #.#
#.# #.#


You could see Natasha and 2 crimson imps.

Vanquished Creatures
  2 dart slugs (D:1)
  2 leopard geckos (D:1)
  4 giant cockroaches (D:1)
  3 goblins (D:1)
  4 hobgoblins (D:1)
  2 bats (D:1)
  2 frilled lizards (D:1)
  2 kobolds (D:1)
  3 rats (D:1)
24 creatures vanquished.

Notes
Turn   | Place    | Note
-------+----------+-------------------------------------------
     0 | D:1      | LadyOphelia the Ogre Berserker began the quest for the Orb.
     0 | D:1      | Reached XP level 1. HP: 24/24 MP: 1/1
   230 | D:1      | Reached XP level 2. HP: 32/33 MP: 2/2
   599 | D:1      | Reached XP level 3. HP: 35/41 MP: 3/3
   864 | D:2      | Noticed Natasha
   876 | D:2      | Slain by Natasha

Illustrated notes

Levels and vault maps discovered:
D:1:      eino_arrival_cavern_d, layout_rooms
D:2:      layout_loops_ring, chequers_ecumenical_altar_grove,
          minmay_randomly_rotated_circles, uniq_natasha

Skill      XL: |  1  2 |
---------------+-------+-----
Maces & Flails | 3 |  3.3
Fighting       | |  4.8
Dodging        | |  2.6

Action                   || total
-------------------------++-------
Melee: Mace              ||    61
  Use: Scroll            ||     2
Armor: Animal skin       ||    32
Dodge: Dodged            ||    46

Table legend: (Time is in decaauts)
 A = Elapsed time spent in this place.
 B = Non-inter-level travel time spent in this place.
 C = Inter-level travel time spent in this place.
 D = Time resting spent in this place.
 E = Time spent auto-exploring this place.
 F = Levels seen in this place.
 G = Mean time per level.
                   A        B        C        D        E       F      G
               +--------+--------+--------+--------+--------+-----+--------+
         Total |    890 |    890 |      0 |      0 |    550 |   2 |  445.0 |
       Dungeon |    890 |    890 |      0 |      0 |    550 |   2 |  445.0 |
               +--------+--------+--------+--------+--------+-----+--------+

Top non-repeatable levels by time:
     D:1: 877 daAuts
     D:2: 13 daAuts
